 Dungeon Crawl Stone Soup version 0.17-a0-1133-gfb1399f (webtiles) character file.

32 Hanyuu the Insei (level 3, 0/23 HPs)
             Began as an Octopode Transmuter on May 25, 2015.
             Slain by an adder (4 damage)
             ... on level 2 of the Dungeon.
             The game lasted 00:02:13 (1063 turns).

Hanyuu the Insei (Octopode Transmuter)              Turns: 1063, Time: 00:02:14

Health: 0/23       AC:  1    Str:  9    XL:     3   Next: 27%
Magic:  5/6        EV: 12    Int: 16    God:
Gold:   76         SH:  0    Dex: 12    Spells: 3 memorised, 0 levels left

rFire  . . .     SeeInvis .       - Unarmed
rCold  . . .     Clarity  .     (no shield)
rNeg   . . .     SustAt   .     (helmet restricted)
rPois  .         Gourm    .     o - amulet of resist corrosion
rElec  .         Spirit   .     (no ring)
rCorr  +         Warding  .     (no ring)
rMut   .         Stasis   .     (no ring)
MR     .....                    (no ring)
Stlth  ++........               (no ring)
                                (no ring)
                                (no ring)
                                (no ring)

@: lethally poisoned (0 -> -12), appendage (expiring), not resistant to hostile
enchantments, unstealthy
A: almost no armour, amphibious, 8 rings, constrict 8, tentacle spike 3,
camouflage 1, gelatinous body 1
a: End Transformation


You were on level 2 of the Dungeon.
You were not hungry.
One of your tentacles had a temporary spike.
You visited 1 branch of the dungeon, and saw 2 of its levels.

You collected 76 gold pieces.

Inventory:

Missiles
 a - 30 arrows
Jewellery
 o - an amulet of resist corrosion (around mantle)
Scrolls
 d - 3 scrolls of identify {unknown}
 e - a scroll of enchant weapon {unknown}
 g - 2 scrolls of fog {unknown}
 k - a scroll of fear {unknown}
 m - a scroll of teleportation {unknown}
 p - a scroll of enchant armour {unknown}
Potions
 f - 3 potions of curing {unknown}
 j - a potion of cure mutation {unknown}
 l - 3 potions of lignification {unknown}
 n - 2 potions of haste {unknown}
Books
 b - a book of Changes

   Spells                             Type                      Level
   a - Beastly Appendage              Transmutation                1
   b - Sticks to Snakes               Transmutation                2
   c - Spider Form                    Transmutation/Poison         3
   d - Ice Form                       Ice/Transmutation            4
   e - Blade Hands                    Transmutation                5
Comestibles
 c - a bread ration
 h - a meat ration
 i - a beef jerky


   Skills:
 - Level 1.0 Fighting
 - Level 2.0 Dodging
 + Level 4.2 Unarmed Combat
 - Level 2.0 Spellcasting
 - Level 2.0 Transmutations


You couldn't memorise any spells.
You knew the following spells:

 Your Spells              Type           Power        Failure   Level  Hunger
a - Beastly Appendage     Trmt           #.....       10%         1    #......
b - Sticks to Snakes      Trmt           #.........   14%         2    ###....
c - Spider Form           Trmt/Pois      #.........   38%         3    ###....


Dungeon Overview and Level Annotations

Branches:
Dungeon (2/15)

Altars:
Okawaru


Innate Abilities, Weirdness & Mutations

You cannot wear most types of armour.
You are amphibious.
You can wear up to eight rings at the same time.
You can use your tentacles to constrict eight enemies at once.
Your skin changes colour to match your surroundings (Stealth).
Your rubbery body absorbs attacks (AC +1).
One of your tentacles bears a large vicious spike.


Message History

The adder barely misses you.
You miss the adder. Your grab misses the adder.
Your tentacle spike misses the adder.
The adder is moderately wounded.
Your transformation is almost over.
You feel sick. The adder bites you.
You are lethally poisoned!
The adder poisons you!
You tentacle-slap the adder. Your grab misses the adder.
You squeeze the adder, but do no damage.
The adder is moderately wounded.
You feel sick. The adder bites you.
* * * LOW HITPOINT WARNING * * *
You closely miss the adder. You grab the adder.
You pierce the adder, but do no damage.
The adder is moderately wounded.
You constrict the adder.
* * * LOW HITPOINT WARNING * * *
You feel sick. The adder bites you.
You die...

#########
#...S@..#
....#####.#
#
#####.#####
#.....)...#
#.#.#.#.#.#
#.#.#.#.#
#.#.#.#.# #
#...#.#.#
#.#..##.#.#


You could see an adder.

Vanquished Creatures
  An ooze (D:1)
  A giant gecko (D:2)
  3 goblins
  2 hobgoblins (D:1)
  5 kobolds (D:1)
  A quokka (D:2)
  3 ball pythons
  5 bats (D:1)
  3 giant cockroaches (D:1)
  3 giant newts
  3 rats (D:1)
30 creatures vanquished.

Notes
Turn   | Place    | Note
--------------------------------------------------------------
     0 | D:1      | Hanyuu the Octopode Transmuter began the quest for the Orb.
     0 | D:1      | Reached XP level 1. HP: 13/13 MP: 3/3
    54 | D:1      | Reached XP level 2. HP: 15/18 MP: 3/5
   306 | D:1      | Reached skill level 4 in Unarmed Combat
   395 | D:1      | Reached XP level 3. HP: 20/23 MP: 6/6
   399 | D:1      | Learned a level 2 spell: Sticks to Snakes
   403 | D:1      | Learned a level 3 spell: Spider Form
   923 | D:2      | Found an iron altar of Okawaru.
  1063 | D:2      | Slain by an adder

Vault maps used:
D:1:      dpeg_arrival_tiny_j, wad_floor_pattern_untrapped
D:2:      kennysheep_big_flooded_room, okawaru_gym_becter

Action                   || total
-------------------------++-------
Melee: Unarmed           ||    58
 Cast: Beastly Appendage ||     2
 Stab: Sleeping          ||     3
